 Dungeon Crawl Stone Soup version 0.17-a0-1311-gbcbd859 (webtiles) character file.

109 ololoev the Slasher (level 5, 0/38 HPs)
             Began as a Formicid Warper on June 8, 2015.
             Succumbed to a scorpion's poison
             ... on level 3 of the Dungeon.
             The game lasted 00:05:14 (2769 turns).

ololoev the Slasher (Formicid Warper)               Turns: 2769, Time: 00:05:14

Health: 0/38       AC:  4    Str: 16    XL:     5   Next: 13%
Magic:  8/8        EV: 11    Int: 13    God:
Gold:   122        SH:  4    Dex: 10    Spells: 1 memorised, 7 levels left

rFire  . . .     SeeInvis +     l - +3 whip
rCold  . . .     Clarity  .     b - +0 leather armour
rNeg   . . .     SustAt   .     k - +0 buckler (curse)
rPois  .         Gourm    .     (helmet unavailable)
rElec  .         Spirit   .     (no cloak)
rCorr  .         Warding  .     m - +0 pair of gloves
rMut   .         Stasis   +     (no boots)
MR     .....                    (no amulet)
Stlth  +.........               (no ring)
                                (no ring)

@: lethally poisoned (0 -> -11), not resistant to hostile enchantments, very
unstealthy
A: permanent stasis, dig shafts and tunnels, four strong arms, antennae 3
a: Dig, Shaft Self


Innate Abilities, Weirdness & Mutations

You are under a permanent stasis effect.
You can dig through walls and to a lower floor.
Your four strong arms can wield two-handed weapons with a shield.
You have a pair of large antennae on your head (SInv).

Inventory:

Hand weapons
 a - a +0 falchion
 l - a +3 whip (weapon)
Missiles
 e - a tomahawk of dispersal (quivered)
Armour
 b - a +0 leather armour (worn)
 k - a cursed +0 buckler (worn)
 m - a +0 pair of gloves (worn)
 p - a +0 shield
Scrolls
 d - a scroll of blinking
 i - a scroll of enchant weapon {unknown}
 o - a scroll of random uselessness {unknown}
 q - a scroll of enchant armour {unknown}
 s - a scroll of remove curse {unknown}
 t - a scroll of teleportation {unknown}
 v - a scroll of magic mapping {unknown}
 w - a scroll of amnesia {unknown}
 x - a scroll of noise {unknown}
Potions
 g - a potion of might {unknown}
 h - a potion of heal wounds {unknown}
 j - 2 potions of degeneration {unknown}
 n - 3 potions of curing {unknown}
 r - a potion of beneficial mutation {unknown}
 u - a potion of haste {unknown}
Books
 c - a book of Spatial Translocations

   Spells                             Type                      Level
   a - Apportation                    Translocation                1
   b - Blink                          Translocation                2
   c - Shroud of Golubria             Charms/Translocation         2
   d - Portal Projectile              Translocation                3
   e - Teleport Other                 Translocation                3
   f - Passage of Golubria            Translocation                4
Comestibles
 f - 5 bread rations


   Skills:
 - Level 2.1 Fighting
 * Level 4.2 Long Blades
 - Level 0.7 Throwing
 - Level 1.5 Armour
 - Level 1.7 Dodging
 + Level 2.1 Shields
 - Level 2.1 Spellcasting
 - Level 2.6 Translocations


You had 7 spell levels left.
You knew the following spells:

 Your Spells              Type           Power        Failure   Level  Hunger
a - Apportation           Tloc           #.........   12%         1    ##.....


You were on level 3 of the Dungeon.
You were very hungry.

You visited 1 branch of the dungeon, and saw 3 of its levels.

You collected 122 gold pieces.

...#######.#######
.###..#..............
......#.#####.#######
....##.# #.# #..##.#
#.# #..##.#####.#
##.s.........#
#.##...##.#######
#....ยง@...#
####...#### ##$## ..?
####

Notes
Turn   | Place    | Note
--------------------------------------------------------------
     0 | D:1      | ololoev the Formicid Warper began the quest for the Orb.
     0 | D:1      | Reached XP level 1. HP: 16/16 MP: 3/3
   259 | D:1      | Reached XP level 2. HP: 9/22 MP: 5/5
   757 | D:1      | Reached skill level 3 in Long Blades
   757 | D:1      | Reached XP level 3. HP: 23/27 MP: 6/6
  1541 | D:2      | Reached skill level 1 in Shields
  1541 | D:2      | Reached XP level 4. HP: 7/33 MP: 7/7
  1906 | D:2      | Found a deep blue altar of Sif Muna.
  2068 | D:2      | Found a blossoming altar of Fedhas.
  2317 | D:2      | Reached skill level 4 in Long Blades
  2553 | D:3      | Reached XP level 5. HP: 32/38 MP: 8/8
  2768 | D:3      | HP: 1/38 [scorpion (3)]
  2769 | D:3      | Succumbed to a scorpion's poison

Dungeon Overview and Level Annotations

Branches:
Dungeon (3/15)

Altars:
Fedhas
Sif Muna


Message History

You are too injured to fight recklessly!
You are too injured to fight recklessly!
You are too injured to fight recklessly!
You are too injured to fight recklessly!
You are too injured to fight recklessly!
You are too injured to fight recklessly!
You are too injured to fight recklessly!
You are too injured to fight recklessly!
You are too injured to fight recklessly!
You are too injured to fight recklessly!
You are too injured to fight recklessly!
You are too injured to fight recklessly!
You are too injured to fight recklessly!
You are too injured to fight recklessly!
Throwing (i - inventory):
e - 5 tomahawks of dispersal (quivered)
Press: ? - help, Shift-Dir - straight line, f - scorpion
Aim: a scorpion (heavily wounded)
You throw a tomahawk of dispersal.
The tomahawk of dispersal closely misses the scorpion.
You feel sick. The scorpion stings you.
Throwing (i - inventory):
e - 4 tomahawks of dispersal (quivered)
Press: ? - help, Shift-Dir - straight line, f/p - scorpion
Aim: a scorpion (heavily wounded)
You throw a tomahawk of dispersal.
The tomahawk of dispersal closely misses the scorpion.
You feel sick.
Throwing (i - inventory):
e - 3 tomahawks of dispersal (quivered)
Press: ? - help, Shift-Dir - straight line, f/p - scorpion
Aim: a scorpion (heavily wounded)
You throw a tomahawk of dispersal.
The tomahawk of dispersal closely misses the scorpion.
You feel sick. The scorpion stings you.
Throwing (i - inventory):
e - 2 tomahawks of dispersal (quivered)
Press: ? - help, Shift-Dir - straight line, f/p - scorpion
Aim: a scorpion (heavily wounded)
You throw a tomahawk of dispersal.
The tomahawk of dispersal hits the scorpion!
The scorpion blinks!
The scorpion is almost dead.
You die...

You could see a scorpion.

Vanquished Creatures
  6 adders
  An ooze (D:1)
  A worm (D:2)
  A giant gecko (D:2)
  An orc (D:3)
  4 ball pythons
  8 bats
  6 goblins
  3 hobgoblins (D:1)
  A quokka (D:2)
  2 giant cockroaches
  2 giant newts (D:1)
  4 kobolds
  7 rats
47 creatures vanquished.

Action                   |  1- 3 |  4- 6 || total
-------------------------+-------+-------++-------
Melee: Falchion          |    50 |       ||    50
       Whip              |    65 |    95 ||   160
Throw: Tomahawk          |       |     4 ||     4
 Abil: Dig               |       |     1 ||     1
  Eat: Chunk             |     1 |     4 ||     5

Vault maps used:
D:1:      minmay_arrival_wavy_path
D:2:      overflow_temple_1_default, first_bread, fedhas_altar_2
D:3:      lightli_temple_of_fire
